 Dungeon Crawl Stone Soup version 0.26-a0-651-gb41185065b (webtiles) character file.

Game seed: 15232084193082465452

(classic levelgen) 52 EnegeticOcto the Shield-Bearer (level 3, -1/34 HPs)
             Began as a Deep Dwarf Fighter on Oct 9, 2020.
             Was an Initiate of Makhleb.
             Killed by nerve-wracking pain
             ... invoked by Jessica
              (6 damage)
             ... on level 2 of the Dungeon.
             The game lasted 00:00:34 (563 turns).

EnegeticOcto the Shield-Bearer (Deep Dwarf Fighter)  Turns: 563, Time: 00:00:34

Health: -1/34      AC:  6    Str: 20    XL:     3   Next: 60%
Magic:  3/3        EV: 11    Int:  8    God:    Makhleb [......]
Gold:   21         SH:  9    Dex: 12    Spells: 2/2 levels left

rFire    . . .     SeeInvis .   a - +0 war axe
rCold    . . .     Faith    .   c - +0 kite shield
rNeg     . . .     Spirit   .   b - +0 scale mail
rPois    .         Reflect  .   (no helmet)
rElec    .         Harm     .   (no cloak)
rCorr    .         Rampage  .   (no gloves)
MR       .....                  (no boots)
Stlth    ..........             (no amulet)
HPRegen  0.00/turn              e - ring of flight
MPRegen  0.08/turn              l - +4 ring of evasion

@: non-regenerating
A: damage resistance, heal wounds, sense surroundings 1, no regeneration
a: Heal Wounds, Renounce Religion, Evoke Flight


You were on level 2 of the Dungeon.
You worshipped Makhleb.
Makhleb was noncommittal.
You visited 1 branch of the dungeon, and saw 2 of its levels.

You collected 21 gold pieces.

Inventory:

Hand Weapons
 a - a +0 war axe (weapon)
Armour
 b - a +0 scale mail (worn)
 c - a +0 kite shield (worn)
Jewellery
 e - a ring of flight (left hand)
 l - a +4 ring of evasion (right hand)
 m - a cursed -4 ring of dexterity {unknown}
Scrolls
 f - a scroll of remove curse {unknown}
 g - a scroll of enchant armour {unknown}
 i - a scroll of immolation {unknown}
 j - a scroll of identify {unknown}
Potions
 d - a potion of might {@q3}
 h - 2 potions of brilliance {unknown}
 k - a potion of haste {unknown}


   Skills:
 + Level 3.0 Fighting
 * Level 3.3 Axes
 + Level 3.6 Armour
 + Level 3.7 Shields
 + Level 0.0 Invocations


You had 2 spell levels left.
You didn't know any spells.
Your spell library was empty.

Dungeon Overview and Level Annotations

Branches:
Dungeon (2/15)

Altars:
Makhleb
Yredelemnul

Annotations:
D:2 Jessica


Innate Abilities, Weirdness & Mutations

You are resistant to damage.
You can heal yourself by infusing magical energy.
You passively map a small area around you.
You do not regenerate.


Message History

No target in view!
No target in view!
No target in view!
No target in view!
Found a hunting sling.
Found an embroidered scarf.
m - a glowing brass ring You see here an embroidered scarf.
Found a chain mail.
Jessica the Apprentice Sorceress comes into view.
Jessica shouts!
A bat comes into view.
A frilled lizard comes into view.
Jessica mumbles some strange words.
Jessica seems to speed up.
The frilled lizard bites you but does no damage.
The bat hits you.
Found a stone staircase leading down.
Your scale mail prevents you from hitting the bat.
Your scale mail prevents you from hitting the frilled lizard.
The bat closely misses you. x2; You block the frilled lizard's attack.
Jessica barely misses you.
You hit Jessica.
Jessica is heavily wounded.
You slash the frilled lizard!
You kill the frilled lizard!
Makhleb accepts your kill. The bat closely misses you.
Jessica gestures at you while chanting. Pain shoots through your body!
Jessica casts a spell.
Jessica blinks!
The bat barely misses you. Jessica casts a spell at you.
Pain shoots through your body!
You closely miss Jessica.
Jessica is heavily wounded.
You hit the bat but do no damage. The bat misses you.
You block the bat's attack. Jessica barely misses you.
The bat hits you but does no damage. Jessica closely misses you.
There are monsters nearby!
There are monsters nearby!
There are monsters nearby!
There are monsters nearby!
There are monsters nearby!
You barely miss Jessica.
Jessica is heavily wounded.
The bat hits you.
Jessica grins evilly.
Jessica hits you but does no damage. You block Jessica's attack.
You closely miss Jessica.
Jessica is heavily wounded.
Your shield prevents you from hitting the bat.
The bat hits you but does no damage. Jessica barely misses you.
Jessica gestures at you while chanting. Pain shoots through your body!
You hit Jessica but do no damage.
Jessica is heavily wounded.
You block the bat's attack. You block Jessica's attack. Jessica hits you.
Jessica misses you.
You closely miss Jessica.
Jessica is heavily wounded.
The bat hits you but does no damage. Jessica hits you.
You block Jessica's attack.
You closely miss Jessica.
Jessica is heavily wounded.
You block the bat's attack. You block Jessica's attack. Jessica hits you.
You hit Jessica.
Jessica is almost dead.
The bat closely misses you.
Jessica points at you and mumbles some strange words.
Pain shoots through your body!
* * * LOW HITPOINT WARNING * * *
Jessica gestures at you while chanting. Pain shoots through your body!
* * * LOW HITPOINT WARNING * * *
You are too injured to fight recklessly!
You are too injured to fight recklessly!
You are too injured to fight recklessly!
You are too injured to fight recklessly!
You are too injured to fight recklessly!
You are too injured to fight recklessly!
You are too injured to fight recklessly!
You are too injured to fight recklessly!
You are too injured to fight recklessly!
You are too injured to fight recklessly!
You are too injured to fight recklessly!
You are too injured to fight recklessly!
You are too injured to fight recklessly!
You are too injured to fight recklessly!
You are too injured to fight recklessly!
You are too injured to fight recklessly!
You are too injured to fight recklessly!
You are too injured to fight recklessly!
You are too injured to fight recklessly!
You fail to use your ability.
Jessica hits you but does no damage. You block the bat's attack.
Jessica gestures at you while chanting. Pain shoots through your body!
You die...

######### #.......#
#.......# #####
#...[...# #....
*#....@@.###########....
#.....b........[........
.>..$...................
##.......##############.
######### #. ## ##### *
#.... #....


You could see Jessica (fast) and a bat.

Vanquished Creatures
  An adder (D:2)
  2 dart slugs
  3 leopard geckos
  A ball python (D:2)
  3 giant cockroaches
  3 goblins
  3 hobgoblins
  7 kobolds
  5 bats
  4 frilled lizards (D:2)
  4 rats
36 creatures vanquished.

Notes
Turn   | Place    | Note
-------+----------+-------------------------------------------
     0 | D:1      | EnegeticOcto the Deep Dwarf Fighter began the quest for the
                  | Orb.
     0 | D:1      | Reached XP level 1. HP: 20/20 MP: 1/1
    17 | D:1      | Reached XP level 2. HP: 25/27 MP: 2/2
   273 | D:2      | Reached XP level 3. HP: 31/33 MP: 3/3
   377 | D:2      | Found a basalt altar of Yredelemnul.
   377 | D:2      | Found a burning altar of Makhleb.
   381 | D:2      | Became a worshipper of Makhleb the Destroyer
   550 | D:2      | Noticed Jessica
   563 | D:2      | Killed from afar by Jessica

Illustrated notes

Levels and vault maps discovered:
D:1:      beargit_arrival_greenhouse, layout_basic
D:2:      layout_basic, gammafunk_temple_overflow_wave, uniq_jessica

Skill      XL: |  1  2  3 |
---------------+----------+-----
Axes           | 3 |  3.3
Fighting       | 3 |  3.0
Armour         | |  3.6
Shields        | |  3.7

Action                   || total
-------------------------++-------
Melee: War axe           ||   101
 Abil: Heal Wounds       ||     1
Armor: Scale mail        ||    51
Dodge: Dodged            ||    52
Block: Kite shield       ||    58

Table legend: (Time is in decaauts)
 A = Elapsed time spent in this place.
 B = Non-inter-level travel time spent in this place.
 C = Inter-level travel time spent in this place.
 D = Time resting spent in this place.
 E = Time spent auto-exploring this place.
 F = Levels seen in this place.
 G = Mean time per level.
                   A        B        C        D        E       F      G
               +--------+--------+--------+--------+--------+-----+--------+
         Total |    606 |    591 |     15 |      0 |    358 |   2 |  303.0 |
       Dungeon |    606 |    591 |     15 |      0 |    358 |   2 |  303.0 |
               +--------+--------+--------+--------+--------+-----+--------+

Top non-repeatable levels by time:
     D:2: 472 daAuts
     D:1: 134 daAuts
